 Dungeon Sprint DCSS version 0.21.0-3-g78d12a8 (webtiles) character file.

582 wojtek the Cleaver (level 7, -1/105 HPs)
             Began as a Minotaur Berserker on Jan 12, 2018.
             Was an Elder of Trog.
             Incinerated by a smoke demon (6 damage)
             ... with a sticky flame
             ... in the Dungeon (Sprint VII: "The Pits").
             The game lasted 00:01:19 (809 turns).

wojtek the Cleaver (Minotaur Berserker)              Turns: 809, Time: 00:01:19

Health: -1/105     AC: 15    Str: 29    XL:     7   Next: 14%
Magic:  6/6        EV: 11    Int:  4    God:    Trog [****..]
Gold:   0          SH:  0    Dex:  9    Spells: 6/6 levels left

rFire    . . .     SeeInvis .   n - +1 hand axe (freeze)
rCold    . . .     Gourm    .   (no shield)
rNeg     . . .     Faith    .   o - +2 plate armour
rPois    .         Spirit   .   (helmet restricted)
rElec    .         Reflect  .   (no cloak)
rCorr    .         Harm     .   (no gloves)
MR       .....     NoTele   +   (no boots)
Stlth    ..........             (no amulet)
HPRegen  0.27/turn              (no ring)
MPRegen  0.10/turn              (no ring)

@: berserking (expiring), liquid flames, glowing, very quick
A: retaliatory headbutt, horns 2
a: Berserk, Trog's Hand, Brothers in Arms, Burn Spellbooks, Renounce Religion


You were in the Dungeon.
You worshipped Trog.
Trog was greatly pleased with you.
You were not hungry.

You visited 1 branch

Inventory:

Hand Weapons
 j - a +2 hand axe
 n - a +1 hand axe of freezing (weapon)
Armour
 o - a +2 plate armour (worn)
Scrolls
 i - a scroll of blinking
 k - 3 scrolls of remove curse
 l - a scroll of summoning
Potions
 a - 2 potions of invisibility
 d - 6 potions of curing
 e - 6 potions of heal wounds
 f - a potion of haste
 g - 4 potions of magic
 h - 3 potions of berserk rage
Comestibles
 b - 7 chunks of flesh
 c - 9 rations


   Skills:
 + Level 9.1 Fighting
 * Level 12.0 Axes
 + Level 8.6 Armour
 + Level 7.8 Dodging


You had 6 spell levels left.
You didn't know any spells.

Dungeon Overview and Level Annotations

Branches:
Dungeon (1/1)

Altars:


Innate Abilities, Weirdness & Mutations

You reflexively headbutt those who attack you in melee.
You have a pair of horns on your head.


Message History

Your Axes skill gained 2 levels and is now at level 12!
Your Armour skill increases to level 8!
Your Dodging skill increases to level 7!
You have reached level 7!
You are covered in liquid flames!
* * * LOW HITPOINT WARNING * * *
You are covered in liquid flames!
* * * LOW HITPOINT WARNING * * *
You are on fire!
You are on fire!
You are too berserk!
You are on fire!
You feel a strong urge to attack something.
You are covered in liquid flames!
* * * LOW HITPOINT WARNING * * *
You are covered in liquid flames!
* * * LOW HITPOINT WARNING * * *
You feel your anger nearly subside.
You are covered in liquid flames!
You die...

#.##'#..†..##...<...#
#.#...)....##.......#
#.#........##.......#
#'###########.......#
#†......# #########
#.......# #...#...#
#..###..#+#
#...#.†.#@+
#.......#'#
#.....(().#
###########


There were no monsters in sight!

Vanquished Creatures
  A smoke demon (D)
  A centaur (D)
  2 scorpions (D)
  A crimson imp (D)
  A worker ant (D)
  A gnoll (D)
  A river rat (D)
  An adder (D)
  2 ufetubi (D)
  2 bats (D)
  A kobold (D)
  2 frilled lizards (D)
16 creatures vanquished.

Notes
Turn   | Place    | Note
-------+----------+-------------------------------------------
     0 | D        | wojtek the Minotaur Berserker began the quest for the Orb.
     0 | D        | Reached XP level 1. HP: 19/19 MP: 0/0
    10 | D        | Reached skill level 4 in Axes
    51 | D        | Reached ** piety under Trog
    51 | D        | Reached XP level 2. HP: 17/27 MP: 1/1
   164 | D        | Reached skill level 5 in Axes
   164 | D        | Reached XP level 3. HP: 28/35 MP: 2/2
   396 | D        | Reached skill level 5 in Fighting
   396 | D        | Reached skill level 6 in Axes
   396 | D        | Reached *** piety under Trog
   614 | D        | Noticed a scorpion
   625 | D        | Killed a scorpion
   625 | D        | Reached skill level 7 in Axes
   625 | D        | Reached skill level 5 in Armour
   625 | D        | Reached XP level 4. HP: 30/44 MP: 3/3
   626 | D        | Reached **** piety under Trog
   629 | D        | Reached skill level 8 in Axes
   629 | D        | Reached skill level 5 in Dodging
   637 | D        | Reached XP level 5. HP: 37/51 MP: 4/4
   724 | D        | Reached skill level 9 in Axes
   728 | D        | Noticed a centaur
   734 | D        | Killed a centaur
   734 | D        | Reached skill level 10 in Axes
   734 | D        | Reached XP level 6. HP: 48/61 MP: 5/5
   796 | D        | Noticed a smoke demon
   805 | D        | Killed a smoke demon
   805 | D        | Reached skill level 12 in Axes
   805 | D        | Reached XP level 7. HP: 15/70 MP: 6/6
   808 | D        | HP: 5/105 [burnt (3)]
   809 | D        | Incinerated by a smoke demon

Skill      XL: |  1  2  3  4  5  6 |
---------------+-------------------+-----
Axes           | 4 5 7 8 10 12 | 12.0
Fighting       | 4 6 7 9 |  9.1
Armour         | 3 4 5 6 7 8 |  8.6
Dodging        | 3 4 5 6 7 |  7.8

Action                   |  1- 3 |  4- 6 |  7- 9 || total
-------------------------+-------+-------+-------++-------
Melee: Hand axe          |    26 |    26 |       ||    52
       Headbutt          |     8 |     7 |       ||    15
Invok: Berserk           |       |     1 |       ||     1
Armor: Animal skin       |     1 |       |       ||     1
       Plate armour      |     7 |    17 |       ||    24
Dodge: Dodged            |    19 |    12 |       ||    31
